 Dungeon Crawl Stone Soup version 0.29-a0-982-gaed3a0c8d8 (webtiles) character file.

Game seed: 9354686805188867815

544 flotson the Sneak (level 7, -7/55 HPs)
             Began as a Demonspawn Delver on Aug 1, 2022.
             Mangled by Yogidamonk's ghost (14 damage)
             ... on level 4 of the Dungeon.
             The game lasted 00:07:35 (5479 turns).

flotson the Sneak (Demonspawn Delver)               Turns: 5479, Time: 00:07:36

Health: -7/55      AC:  8    Str: 14    XL:     7   Next: 6%
Magic:  16/16      EV: 11    Int: 16    God:
Gold:   163        SH:  0    Dex: 14    Spells: 4/6 levels left

rFire   . . .      SeeInvis .   b - +4 club
rCold   + . .      Faith    .   (no shield)
rNeg    . . .      Spirit   .   y - +2 ring mail {rC+}
rPois   .          Reflect  .   h - +0 helmet
rElec   .          Harm     .   (no cloak)
rCorr   .          Rampage  .   (no gloves)
Will    .....                   (no boots)
Stlth   ++........              (no amulet)
HPRegen 0.18/turn               A - ring of magical power
MPRegen 0.15/turn               (no ring)

@: hasted, very quick
A: hooves 1, demonic guardian 1, big brain 2
a: no special abilities


You were on level 4 of the Dungeon.
You visited 1 branch of the dungeon, and saw 5 of its levels.

You collected 163 gold pieces.

Inventory:

Hand Weapons
 a - a +0 trident
 b - a +4 club (weapon)
 r - a +0 sling
Missiles
 e - 15 poisoned darts (quivered)
 t - 2 atropa-tipped darts
Armour
 h - a +0 helmet (worn)
 y - a +2 ring mail of cold resistance (worn)
Jewellery
 A - a ring of magical power (left hand)
Wands
 g - a wand of digging (2)
 k - a wand of mindburst (1)
 q - a wand of light (10)
Scrolls
 c - a scroll of fog
 d - 3 scrolls of magic mapping
 j - a scroll of noise
 l - 3 scrolls of identify
 n - a scroll of enchant armour
 s - 2 scrolls of fear
 u - a scroll of silence
 w - a scroll of immolation {unknown}
Potions
 f - a potion of haste
 i - 3 potions of magic {unknown}
 m - 2 potions of berserk rage {unknown}
 o - 3 potions of heal wounds {unknown}
 p - a potion of resistance {unknown}
 v - 2 potions of flight {unknown}
 x - a potion of curing {unknown}
 z - a potion of attraction {unknown}


   Skills:
 + Level 4.5 Fighting
 - Level 1.8 Polearms
 + Level 2.1 Throwing
 + Level 2.8 Armour
 + Level 3.6 Dodging
 - Level 4.5 Stealth
 + Level 0.1 Spellcasting
 + Level 0.0 Hexes
 + Level 0.0 Ice Magic
 + Level 3.1 Evocations


You had 4 spell levels left.
You knew the following spells:

 Your Spells              Type           Power      Damage    Failure   Level
a - Ensorcelled Hibernat  Hex/Ice        0%         N/A       58%         2

Your spell library contained the following spells:

 Spells                   Type           Power      Damage    Failure   Level
 Passwall                 Tmut/Erth      0%         N/A       58%         2
 Swiftness                Air            0%         N/A       83%         3
 Alistair's Intoxication  Tmut/Pois      0%         N/A       100%        5
 Borgnjor's Vile Clutch   Necr/Erth      0%         N/A       100%        5
 Eringya's Noxious Bog    Tmut/Pois      0%         N/A       100%        6
 Malign Gateway           Summ/Tloc      0%         N/A       100%        7
 Summon Horrible Things   Summ           0%         N/A       100%        8


Dungeon Overview and Level Annotations

Branches:
Dungeon (5/15)
 Temple: D:4-7

Altars:
Ashenzari
Ru
Vehumet

Annotations:
D:4 Yogidamonk's ghost, novice MiFi


Innate Abilities, Weirdness & Mutations

You have large cloven feet.
A weak demonic guardian rushes to your aid.
You have an extremely huge brain. (Int +4)


Message History

You feel sick.
You are no longer poisoned.
You hit Yogidamonk's ghost but do no damage.
You kick Yogidamonk's ghost, but do no damage.
Yogidamonk's ghost hits you!
You hit Yogidamonk's ghost but do no damage.
You kick Yogidamonk's ghost.
Yogidamonk's ghost is lightly damaged.
Yogidamonk's ghost hits you! x2
You are too injured to fight recklessly!
You are too injured to fight recklessly!
You are too injured to fight recklessly!
You are too injured to fight recklessly!
You are too injured to fight recklessly!
You are too injured to fight recklessly!
Yogidamonk's ghost attacks as you move away!
Yogidamonk's ghost hits you.
Yogidamonk's ghost attacks as you move away!
Yogidamonk's ghost hits you.
Yogidamonk's ghost attacks as you move away!
Yogidamonk's ghost barely misses you.
Yogidamonk's ghost attacks as you move away!
Yogidamonk's ghost hits you!
* * * LOW HITPOINT WARNING * * *
You can't see any enemies this would affect, really read the scroll of fear?
Okay, then.
Okay, then.
Unknown command.
As you read the scroll labelled JOPSUO SUNNY, it crumbles to dust.
It is a scroll of identify.
j - a scroll of noise Yogidamonk's ghost hits you but does no damage.
As you read the scroll of identify, it crumbles to dust.
n - a scroll of enchant armour Yogidamonk's ghost hits you but does no damage.
As you read the scroll of identify, it crumbles to dust.
u - a scroll of silence Yogidamonk's ghost barely misses you.
You feel yourself speed up. Yogidamonk's ghost hits you!
You die...

#.# ######** #.#
.....#≈# #.#
.....#!# #.#
.....#≈# #.#
.....#≈# #.#
.....#≈## #.#
.....#≈##########.#
.....#'#..†....W@.#
.........##########
##########


You could see Yogidamonk's ghost.

Vanquished Creatures
  A bullfrog (D:4)
  2 orc priests (D:3)
  A hound (D:4)
  Jessica (D:2)
  An iguana (D:3)
  Natasha (thrice) (D:2)
  An orc wizard (D:2)
  3 adders (D:4)
  4 worms
  2 dart slugs
  9 orcs
  10 bats
  5 endoplasms
  3 giant cockroaches
  4 goblins
  7 hobgoblins
  2 jackals
  8 kobolds
  A quokka (D:2)
  3 ball pythons
  4 frilled lizards
  3 rats
78 creatures vanquished.

Vanquished Creatures (collateral kills)
  A centaur (D:4)
  Ijyb (D:3)
  A statue (D:3)
3 creatures vanquished.

Vanquished Creatures (others)
  A giant cockroach (D:2)
  2 plants (D:1)
3 creatures vanquished.

Grand Total: 84 creatures vanquished

Notes
Turn   | Place    | Note
-------+----------+-------------------------------------------
     0 | D:5      | flotson the Demonspawn Delver began the quest for the Orb.
     0 | D:5      | Reached XP level 1. HP: 18/18 MP: 1/1
   284 | D:4      | Gained mutation: You have large cloven feet. [demonic
                  | ancestry]
   284 | D:4      | Reached XP level 2. HP: 12/24 MP: 2/2
   561 | D:4      | Noticed a bullfrog
   564 | D:4      | Noticed Ijyb
   653 | D:3      | Reached skill level 1 in Armour
   653 | D:3      | Reached skill level 1 in Evocations
   653 | D:3      | Gained mutation: You have an unusually large brain. (Int
                  | +2) [demonic ancestry]
   653 | D:3      | Reached XP level 3. HP: 19/29 MP: 3/3
  1068 | D:3      | Reached XP level 4. HP: 10/36 MP: 4/4
  1430 | D:2      | Noticed Jessica
  1952 | D:1      | Found a faded altar of an unknown god.
  2279 | D:2      | Killed Jessica
  2280 | D:2      | Gained mutation: A weak demonic guardian rushes to your
                  | aid. [demonic ancestry]
  2280 | D:2      | Reached XP level 5. HP: 38/42 MP: 5/5
  2476 | D:2      | Noticed Natasha
  2484 | D:2      | Killed Natasha
  2694 | D:2      | Identified the +4 sling "Madizeom" {vorpal, rC+ rCorr
                  | Str+4}
  3005 | D:2      | Noticed Natasha
  3013 | D:2      | Killed Natasha
  3014 | D:2      | Reached skill level 1 in Throwing
  3027 | D:2      | Noticed Natasha
  3038 | D:2      | Killed Natasha
  3945 | D:3      | Reached XP level 6. HP: 40/48 MP: 6/6
  4006 | D:3      | Found a radiant altar of Vehumet.
  4617 | D:3      | Killed Ijyb
  4761 | D:4      | Found a broken altar of Ashenzari.
  5082 | D:4      | Gained mutation: You have an extremely huge brain. (Int +4)
                  | [demonic ancestry]
  5082 | D:4      | Reached XP level 7. HP: 41/55 MP: 7/7
  5263 | D:4      | Learned a level 2 spell: Ensorcelled Hibernation
  5323 | D:4      | Found a runed translucent door.
  5328 | D:4      | Noticed Yogidamonk's ghost (novice MiFi)
  5479 | D:4      | Mangled by Yogidamonk's ghost

Illustrated notes

Levels and vault maps discovered:
D:1:      lightli_arrival_flooded_house, layout_basic, basic_ecumenical_altar,
          hangedman_decor_riveting, hangedman_decor_push, serial_bayou_pond_c,
          minmay_crystal_room, serial_bayou_crossing
D:2:      layout_loops_cross, uniq_jessica, uniq_natasha
D:3:      layout_basic, vehumet_statue, st_stairs_12
D:4:      layout_basic, mainiacjoe_overflow_six_doors_small,
          ebering_ghost_sewer_d, uniq_ijyb
D:5:      layout_cave_pools, mainiacjoe_overflow_alcove_1,
          grunt_temple_overflow_open, minmay_temple_entry_ruins, glass_columns_a

Skill      XL: |  1  2  3  4  5  6 |
---------------+-------------------+-----
Dodging        | 2 3 |  3.6
Armour         | 1 2 |  2.8
Evocations     | 1 2 3 |  3.1
Fighting       | 4 |  4.5
Throwing       | 1 2 |  2.1
Polearms       | |  1.8
Stealth        | |  4.5
Spellcasting   | |  0.1

Action                   |  1- 3 |  4- 6 |  7- 9 || total
-------------------------+-------+-------+-------++-------
Melee: Trident           |    58 |    70 |       ||   128
       Spear             |     7 |       |       ||     7
       Kick              |     8 |    46 |     4 ||    58
       Club              |       |   125 |    10 ||   135
       Punch             |       |     1 |       ||     1
 Fire: Sling             |     2 |       |       ||     2
Throw: Dart              |     6 |     1 |       ||     7
Evoke: Wand              |     1 |       |       ||     1
  Use: Scroll            |     2 |       |     3 ||     5
       Potion            |       |       |     1 ||     1
 Stab: Sleeping          |     2 |     4 |       ||     6
Armor: Leather armour    |     9 |       |       ||     9
       Scale mail        |    14 |    83 |       ||    97
       Ring mail         |       |    25 |     7 ||    32
Dodge: Dodged            |    22 |   117 |     9 ||   148

Table legend: (Time is in decaauts)
 A = Elapsed time spent in this place.
 B = Non-inter-level travel time spent in this place.
 C = Inter-level travel time spent in this place.
 D = Time resting spent in this place.
 E = Time spent auto-exploring this place.
 F = Levels seen in this place.
 G = Mean time per level.
                   A        B        C        D        E       F      G
               +--------+--------+--------+--------+--------+-----+--------+
         Total |   5574 |   5510 |     64 |    634 |   3980 |   5 | 1114.8 |
       Dungeon |   5574 |   5510 |     64 |    634 |   3980 |   5 | 1114.8 |
               +--------+--------+--------+--------+--------+-----+--------+

Top non-repeatable levels by time:
     D:4: 1737 daAuts
     D:2: 1511 daAuts
     D:3: 1457 daAuts
     D:1: 847 daAuts
     D:5: 20 daAuts
